San Jose Sharks vs Tampa Bay Lightning

Created - Tuesday, August 5, 2025 at 08:22

Goals
1 2 3 T
San Jose Sharks 1 0 0 1
Tampa Bay Lightning 0 1 2 3
Shots
1 2 3 T
San Jose Sharks 7 8 9 24
Tampa Bay Lightning 12 18 12 42

1st period

1. San Jose Sharks , Blake Lizotte 1 (Connor Murphy 1, Ilya Mikheyev 1) at 14:10

Penalties :
No Penalty

2nd period

2. Tampa Bay Lightning , Kirill Kaprizov 1 (Jamie Benn 1, Claude Giroux 1) at 9:55

Penalties :
Dmitry Orlov (TBL) for Goalie Interference (Minor) at 1:27, Filip Forsberg (TBL) for Roughing (Minor) at 12:36, Max Domi (SJS) for Unsportsmanlike conduct (Minor) at 12:47, Travis Konecny (TBL) for Roughing (Minor) at 15:47

3rd period

3. Tampa Bay Lightning , Kirill Kaprizov 2 (Claude Giroux 2) at 6:26 (PP)
4. Tampa Bay Lightning , Anze Kopitar 1 (Travis Konecny 1, Michael Matheson 1) at 19:35 (Empty Net)

Penalties :
Kevin Fiala (SJS) for Tripping (Minor) at 0:59, Max Domi (SJS) for Tripping (Minor) at 5:38, Dylan Cozens (TBL) for Hooking (Minor) at 13:41

Goalie Stats

Jakub Dobes (SJS), 39 saves from 41 shots - (0.951), L, 0-1-0, 58:56 minutes
Darcy Kuemper (TBL), 23 saves from 24 shots - (0.958), W, 1-0-0, 60:00 minutes

Players Stats for San Jose Sharks

Player Name              G  A  P  +/- PIM S  H  SB GA TA FO     MP     PP MP  PK MP  
------------------------------------------------------------------------------------
Adam Henrique            0  0  0  -2  0   4  2  0  0  0  13/25  20:00   2:55   1:34 
Alexander Wennberg       0  0  0  -1  0   1  1  0  2  0  11/19  19:50   3:08   1:13 
Andre Burakovsky         0  0  0   0  0   1  0  2  1  1  0/2    16:48   3:04   0:00 
Andrew Copp              0  0  0   1  0   1  0  0  0  0  4/7    15:29   2:27   0:00 
Anthony Beauvillier      0  0  0  -1  0   0  0  2  0  1  0/0    15:37   0:00   1:19 
Blake Lizotte            1  0  1   1  0   2  1  0  0  0  0/2    12:26   0:00   0:15 
Brett Murray             0  0  0   0  0   1  1  0  0  0  0/2    10:09   0:44   0:11 
Connor Murphy            0  1  1  -1  0   2  4  1  0  0  0/0    26:41   2:48   1:22 
Ilya Mikheyev            0  1  1   1  0   4  0  1  0  0  0/0    13:37   0:05   0:39 
Josh Manson              0  0  0   0  0   0  4  1  0  0  0/0    20:33   3:20   1:36 
Justin Barron            0  0  0   0  0   0  0  0  0  0  0/0    12:46   0:00   0:00 
Kevin Fiala              0  0  0  -1  2   1  1  1  1  1  0/0    18:51   3:08   0:15 
Marcus Pettersson        0  0  0   0  0   2  2  1  0  1  0/0    20:33   3:20   1:36 
Mattias Samuelsson       0  0  0  -1  0   0  2  2  0  2  0/0    26:41   2:48   1:22 
Max Domi                 0  0  0  -1  4   1  1  0  1  1  0/0    17:06   2:52   0:30 
Nicolas Hague            0  0  0   0  0   1  0  1  0  0  0/0    12:46   0:00   0:00 
Robby Fabbri             0  0  0   0  0   2  1  0  0  0  0/0     7:39   0:00   0:00 
Travis Boyd              0  0  0   0  0   1  0  0  0  0  3/7     7:39   0:00   0:00 

Players Stats for Tampa Bay Lightning

Player Name              G  A  P  +/- PIM S  H  SB GA TA FO     MP     PP MP  PK MP  
------------------------------------------------------------------------------------
Anze Kopitar             1  0  1   0  0   6  3  2  0  1  6/14   19:17   1:23   2:38 
Ben Chiarot              0  0  0   0  0   1  2  0  0  1  0/0    19:38   0:00   3:01 
Claude Giroux            0  2  2   1  0   5  2  0  2  0  13/26  19:50   1:35   2:49 
Darnell Nurse            0  0  0   0  0   1  1  0  0  0  0/0    20:49   1:51   0:00 
Dmitry Orlov             0  0  0   0  2   2  0  1  0  0  0/0    17:31   1:49   0:00 
Dylan Cozens             0  0  0   0  2   1  2  0  1  0  0/0    13:33   0:00   0:00 
Filip Forsberg           0  0  0  -1  2   3  3  1  0  0  1/3    15:20   1:37   0:00 
Gustav Nyquist           0  0  0   0  0   3  0  0  0  0  0/0     7:33   0:00   0:35 
Hampus Lindholm          0  0  0   0  0   2  0  0  0  0  0/0    17:51   0:00   3:07 
Jamie Benn               0  1  1   1  0   3  2  2  0  0  1/1    14:04   0:00   0:00 
Jason Dickinson          0  0  0   1  0   0  2  0  0  0  2/2    10:18   0:00   2:44 
Jonathan Huberdeau       0  0  0  -1  0   1  0  0  0  0  1/1    13:40   0:00   0:00 
Kirill Kaprizov          2  0  2   1  0   5  3  0  1  0  1/2    16:00   1:35   0:07 
Michael Matheson         0  1  1   1  0   0  1  0  0  1  0/0    21:20   1:07   3:01 
Moritz Seider            0  0  0   1  0   2  1  1  0  1  0/0    22:58   1:09   3:07 
Roope Hintz              0  0  0   0  0   4  1  0  2  0  8/14   15:42   1:23   0:00 
Travis Konecny           0  1  1   1  2   3  2  0  1  1  0/0    17:08   1:21   0:34 
Trevor Moore             0  0  0   0  0   0  0  0  0  0  0/1     9:28   0:00   2:49 

3 Stars

1 - Kirill Kaprizov (TBL)
2 - Jakub Dobes (SJS)
3 - Claude Giroux (TBL)

Power Play

San Jose Sharks - 0 on 4 Attempt(s) - 0.00%
Tampa Bay Lightning - 1 on 3 Attempt(s) - 33.33%

Penalty Kill

San Jose Sharks - 2 on 3 Attempt(s) - 66.67% - Score 0 goal in Penalty Kill
Tampa Bay Lightning - 4 on 4 Attempt(s) - 100.00% - Score 0 goal in Penalty Kill

Team Stat

San Jose Sharks - Hits : 20 - Faceoff Wins : 31 - Blocked Shots : 12 - Penalty Minutes : 6
Tampa Bay Lightning - Hits : 25 - Faceoff Wins : 33 - Blocked Shots : 7 - Penalty Minutes : 8

Official

Referees : Trevor Hanson and Ghislain Hebert
Linesman : Mark Shewchyk and Ryan Galloway

Game Notes

Anze Kopitar has scored in a empty net!

Finance

Level 1 -- Attendance: 5367 (89.45%) -- Ticket Income $509,865
Level 2 -- Attendance: 4612 (92.24%) -- Ticket Income $253,660
Level 3 -- Attendance: 3000 (100.00%) -- Ticket Income $96,000
Level 4 -- Attendance: 4349 (86.98%) -- Ticket Income $95,678
Luxury Box -- Attendance: 899 (89.90%) -- Ticket Income $173,507
Game was played at the Tampa Bay Times Forum.
Total Attendance: 18227 (91.14%)
Total Ticket Income: $1,128,710
Other Income: $395,048
Total Income: $1,523,758

San Jose Sharks

5 vs 5 Forward 
   Center                   Left Wing                Right Wing               Time % Phy DF OF 
 1 Alexander Wennberg       Kevin Fiala              Andre Burakovsky         30     1   2  2  
 2 Adam Henrique            Anthony Beauvillier      Max Domi                 30     1   2  2  
 3 Andrew Copp              Ilya Mikheyev            Blake Lizotte            25     1   2  2  
 4 Travis Boyd              Brett Murray             Robby Fabbri             15     1   2  2  

5 vs 5 Defense 
   Defense                  Defense                                           Time % Phy DF OF 
 1 Connor Murphy            Mattias Samuelsson                                30     1   2  2  
 2 Marcus Pettersson        Josh Manson                                       30     1   2  2  
 3 Justin Barron            Nicolas Hague                                     25     1   2  2  
 4 Connor Murphy            Mattias Samuelsson                                15     1   2  2  

PowerPlay Forward 
   Center                   Left Wing                Right Wing               Time % Phy DF OF 
 1 Alexander Wennberg       Kevin Fiala              Andre Burakovsky         50     1   2  2  
 2 Adam Henrique            Max Domi                 Andrew Copp              50     1   2  2  

PowerPlay Defense
   Defense                  Defense                                           Time % Phy DF OF 
 1 Connor Murphy            Mattias Samuelsson                                50     1   2  2  
 2 Marcus Pettersson        Josh Manson                                       50     1   2  2  

Penalty Kill 4 Players Forward 
   Center                   Wing                     Time % Phy DF OF 
 1 Alexander Wennberg       Kevin Fiala              50     1   2  2  
 2 Adam Henrique            Max Domi                 50     1   2  2  

Penalty Kill 4 Players Defense
   Defense                  Defense                  Time % Phy DF OF 
 1 Connor Murphy            Mattias Samuelsson       50     1   2  2  
 2 Marcus Pettersson        Josh Manson              50     1   2  2  

Penalty Kill - 3 Players Forward 
   Forward                                           Time % Phy DF OF 
 1 Alexander Wennberg                                50     1   2  2  
 2 Adam Henrique                                     50     1   2  2  

Penalty Kill - 3 Players Defense
   Defense                  Defense                  Time % Phy DF OF 
 1 Connor Murphy            Mattias Samuelsson       50     1   2  2  
 2 Marcus Pettersson        Josh Manson              50     1   2  2  

4 vs 4 Forward 
   Center                   Wing                     Time % Phy DF OF 
 1 Alexander Wennberg       Kevin Fiala              50     1   2  2  
 2 Adam Henrique            Max Domi                 50     1   2  2  

4 vs 4 Defense
   Defense                  Defense                  Time % Phy DF OF 
 1 Connor Murphy            Mattias Samuelsson       50     1   2  2  
 2 Marcus Pettersson        Josh Manson              50     1   2  2  

Last Minutes Offensive
   Center                   Left Wing                Right Wing               Defense                  Defense                  
   Alexander Wennberg       Kevin Fiala              Adam Henrique            Connor Murphy            Mattias Samuelsson       

Last Minutes Defensive
   Center                   Left Wing                Right Wing               Defense                  Defense                  
   Alexander Wennberg       Kevin Fiala              Adam Henrique            Connor Murphy            Mattias Samuelsson       

Goaltenders
Starting : Jakub Dobes              
Backup : Tristan Jarry            

Extra Forwards
Normal : Brett Murray, Andrew Copp, Anthony Beauvillier - PP : Brett Murray, Andrew Copp - PK : Anthony Beauvillier
Extra Defensemen
Normal : Justin Barron, Nicolas Hague, Marcus Pettersson - PP : Justin Barron - PK : Nicolas Hague, Marcus Pettersson
Penalty Shots
Kevin Fiala, Alexander Wennberg, Adam Henrique, Max Domi, Ilya Mikheyev

Scratches
Jordan Spence (Healthy), Ryan Johansen (Healthy), Kasperi Kapanen (Healthy)

Tampa Bay Lightning

5 vs 5 Forward 
   Center                   Left Wing                Right Wing               Time % Phy DF OF 
 1 Roope Hintz              Travis Konecny           Dylan Cozens             30     1   2  2  
 2 Anze Kopitar             Filip Forsberg           Jonathan Huberdeau       30     1   2  2  
 3 Claude Giroux            Jamie Benn               Kirill Kaprizov          30     1   2  2  
 4 Jason Dickinson          Trevor Moore             Gustav Nyquist           10     1   2  2  

5 vs 5 Defense 
   Defense                  Defense                                           Time % Phy DF OF 
 1 Moritz Seider            Darnell Nurse                                     35     1   2  2  
 2 Michael Matheson         Ben Chiarot                                       35     1   2  2  
 3 Dmitry Orlov             Hampus Lindholm                                   30     1   2  2  
 4 Moritz Seider            Michael Matheson                                  0      1   2  2  

PowerPlay Forward 
   Center                   Left Wing                Right Wing               Time % Phy DF OF 
 1 Claude Giroux            Kirill Kaprizov          Filip Forsberg           50     1   2  2  
 2 Anze Kopitar             Travis Konecny           Roope Hintz              50     1   2  2  

PowerPlay Defense
   Defense                  Defense                                           Time % Phy DF OF 
 1 Michael Matheson         Moritz Seider                                     50     1   2  2  
 2 Dmitry Orlov             Darnell Nurse                                     50     1   2  2  

Penalty Kill 4 Players Forward 
   Center                   Wing                     Time % Phy DF OF 
 1 Anze Kopitar             Jason Dickinson          50     1   2  2  
 2 Claude Giroux            Trevor Moore             50     1   2  2  

Penalty Kill 4 Players Defense
   Defense                  Defense                  Time % Phy DF OF 
 1 Michael Matheson         Ben Chiarot              50     1   2  2  
 2 Moritz Seider            Hampus Lindholm          50     1   2  2  

Penalty Kill - 3 Players Forward 
   Forward                                           Time % Phy DF OF 
 1 Anze Kopitar                                      50     1   2  2  
 2 Claude Giroux                                     50     1   2  2  

Penalty Kill - 3 Players Defense
   Defense                  Defense                  Time % Phy DF OF 
 1 Michael Matheson         Ben Chiarot              50     1   2  2  
 2 Moritz Seider            Hampus Lindholm          50     1   2  2  

4 vs 4 Forward 
   Center                   Wing                     Time % Phy DF OF 
 1 Claude Giroux            Travis Konecny           50     1   2  2  
 2 Anze Kopitar             Filip Forsberg           50     1   2  2  

4 vs 4 Defense
   Defense                  Defense                  Time % Phy DF OF 
 1 Michael Matheson         Ben Chiarot              50     1   2  2  
 2 Moritz Seider            Darnell Nurse            50     1   2  2  

Last Minutes Offensive
   Center                   Left Wing                Right Wing               Defense                  Defense                  
   Claude Giroux            Kirill Kaprizov          Filip Forsberg           Michael Matheson         Moritz Seider            

Last Minutes Defensive
   Center                   Left Wing                Right Wing               Defense                  Defense                  
   Anze Kopitar             Travis Konecny           Jason Dickinson          Michael Matheson         Moritz Seider            

Goaltenders
Starting : Darcy Kuemper            
Backup : Jeremy Swayman           

Extra Forwards
Normal : Anze Kopitar, Roope Hintz, Claude Giroux - PP : Jonathan Huberdeau, Trevor Moore - PK : Travis Konecny
Extra Defensemen
Normal : Michael Matheson, Moritz Seider, Hampus Lindholm - PP : Hampus Lindholm - PK : Darnell Nurse, Dmitry Orlov
Penalty Shots
Trevor Moore, Filip Forsberg, Kirill Kaprizov, Gustav Nyquist, Jonathan Huberdeau

Scratches
None


% Time on Ice - San Jose Sharks

Lines # - Real PCT - Wanted PCT - Time Play
Normal Forward
1 - 28% - 30% - 13:44
2 - 31% - 30% - 15:10
3 - 24% - 25% - 11:42
4 - 16% - 15% - 7:39
Normal Defense
1 - 30% - 30% - 14:18
2 - 31% - 30% - 15:01
3 - 26% - 25% - 12:46
4 - 13% - 15% - 6:10
PP Forward
1 - 51% - 50% - 3:08
2 - 49% - 50% - 3:00
PP Defense
1 - 46% - 50% - 2:48
2 - 54% - 50% - 3:20
PK Forward
1 - 58% - 50% - 1:44
2 - 42% - 50% - 1:14
PK Defense
1 - 46% - 50% - 1:22
2 - 54% - 50% - 1:36
PK3 Forward
1 - 0% - 50%
2 - 0% - 50%
PK3 Defense
1 - 0% - 50%
2 - 0% - 50%
44 Forward
1 - 50% - 50% - 0:54
2 - 50% - 50% - 0:54
44 Defense
1 - 67% - 50% - 1:12
2 - 33% - 50% - 0:36
Last Minute Offensive  - 0:51
Last Minute Defensive  - 0:00
Total
Forward - 60:00
Defense - 60:00

% Time on Ice - Tampa Bay Lightning

Lines # - Real PCT - Wanted PCT - Time Play
Normal Forward
1 - 29% - 30% - 13:52
2 - 28% - 30% - 13:44
3 - 29% - 30% - 14:04
4 - 14% - 10% - 6:38
Normal Defense
1 - 35% - 35% - 16:57
2 - 35% - 35% - 17:04
3 - 29% - 30% - 13:57
4 - 1% - 0% - 0:20
PP Forward
1 - 53% - 50% - 1:35
2 - 47% - 50% - 1:23
PP Defense
1 - 38% - 50% - 1:07
2 - 62% - 50% - 1:51
PK Forward
1 - 52% - 50% - 3:12
2 - 48% - 50% - 2:56
PK Defense
1 - 49% - 50% - 3:01
2 - 51% - 50% - 3:07
PK3 Forward
1 - 0% - 50%
2 - 0% - 50%
PK3 Defense
1 - 0% - 50%
2 - 0% - 50%
44 Forward
1 - 46% - 50% - 0:50
2 - 54% - 50% - 0:58
44 Defense
1 - 51% - 50% - 0:55
2 - 49% - 50% - 0:53
Last Minute Offensive  - 0:00
Last Minute Defensive  - 0:48
Total
Forward - 60:00
Defense - 60:00

Play-by-Play

1st period


0:01 of 1st period - Alexander Wennberg wins face-off versus Roope Hintz in neutral zone.
0:27 of 1st period - Darnell Nurse is hit by Max Domi.
0:47 of 1st period - Snap shot by Andrew Copp.
0:47 of 1st period - Shot Misses the Net.
0:51 of 1st period - Wrist shot by Ilya Mikheyev.
0:51 of 1st period - Stopped by Darcy Kuemper with a rebound.
1:09 of 1st period - Wrist shot by Gustav Nyquist.
1:09 of 1st period - Stopped by Jakub Dobes without a rebound.
1:10 of 1st period - Jason Dickinson wins face-off versus Travis Boyd in San Jose Sharks zone.
1:11 of 1st period - Wrist shot by Trevor Moore.
1:11 of 1st period - Deflect By Gustav Nyquist.
1:11 of 1st period - Stopped by Jakub Dobes without a rebound.
1:12 of 1st period - Adam Henrique wins face-off versus Trevor Moore in San Jose Sharks zone.
1:23 of 1st period - Wrist shot by Adam Henrique.
1:23 of 1st period - Shot Misses the Net.
1:25 of 1st period - Slapshot by Nicolas Hague.
1:25 of 1st period - Stopped by Darcy Kuemper without a rebound.
1:26 of 1st period - Andrew Copp wins face-off versus Anze Kopitar in Tampa Bay Lightning zone.
1:31 of 1st period - Slapshot by Ilya Mikheyev.
1:31 of 1st period - Stopped by Darcy Kuemper with a rebound.
1:43 of 1st period - Wrist shot by Filip Forsberg.
1:43 of 1st period - Deflect By Jonathan Huberdeau.
1:43 of 1st period - Shot Misses the Net.
1:43 of 1st period - Puck is out of play.
1:44 of 1st period - Alexander Wennberg wins face-off versus Roope Hintz in San Jose Sharks zone.
2:22 of 1st period - Wrist shot by Jonathan Huberdeau.
2:22 of 1st period - Deflect By Nicolas Hague.
2:22 of 1st period - Shot Misses the Net.
2:22 of 1st period - Puck is out of play.
2:23 of 1st period - Adam Henrique wins face-off versus Claude Giroux in San Jose Sharks zone.
2:54 of 1st period - Wrist shot by Roope Hintz.
2:54 of 1st period - Deflect By Dylan Cozens.
2:54 of 1st period - Stopped by Jakub Dobes with a rebound.
2:56 of 1st period - Slapshot by Dmitry Orlov.
2:56 of 1st period - Stopped by Jakub Dobes without a rebound.
2:57 of 1st period - Claude Giroux wins face-off versus Andrew Copp in San Jose Sharks zone.
3:06 of 1st period - Snap shot by Kirill Kaprizov.
3:06 of 1st period - Shot Hit the Post.
3:08 of 1st period - Slapshot by Ben Chiarot.
3:08 of 1st period - Shot Misses the Net.
3:10 of 1st period - Slapshot by Michael Matheson.
3:10 of 1st period - Shot Misses the Net.
3:12 of 1st period - Slapshot by Claude Giroux.
3:12 of 1st period - Deflect By Andrew Copp.
3:12 of 1st period - Stopped by Jakub Dobes with a rebound.
3:33 of 1st period - Wrist shot by Adam Henrique.
3:33 of 1st period - Stopped by Darcy Kuemper without a rebound.
3:34 of 1st period - Roope Hintz wins face-off versus Travis Boyd in Tampa Bay Lightning zone.
4:15 of 1st period - Kevin Fiala is hit by Ben Chiarot and loses puck.
4:26 of 1st period - Wrist shot by Adam Henrique.
4:26 of 1st period - Stopped by Darcy Kuemper with a rebound.
4:28 of 1st period - Slapshot by Marcus Pettersson.
4:28 of 1st period - Shot Misses the Net.
4:46 of 1st period - Andrew Copp is hit by Moritz Seider and loses puck.
5:16 of 1st period - Off-side.
5:17 of 1st period - Claude Giroux wins face-off versus Adam Henrique in neutral zone.
7:08 of 1st period - Anze Kopitar is hit by Mattias Samuelsson and loses puck.
7:23 of 1st period - Backhand shot by Travis Konecny.
7:23 of 1st period - Shot Blocked by Mattias Samuelsson.
8:07 of 1st period - Claude Giroux is hit by Alexander Wennberg and loses puck.
8:26 of 1st period - Filip Forsberg is hit by Josh Manson and loses puck.
9:00 of 1st period - Moritz Seider is hit by Marcus Pettersson and loses puck.
9:15 of 1st period - Ben Chiarot is hit by Josh Manson and loses puck.
9:43 of 1st period - Ben Chiarot is hit by Robby Fabbri and loses puck.
10:00 of 1st period - Snap shot by Filip Forsberg.
10:00 of 1st period - Stopped by Jakub Dobes with a rebound.
10:02 of 1st period - Snap shot by Anze Kopitar.
10:02 of 1st period - Shot Blocked by Nicolas Hague.
10:12 of 1st period - Wrist shot by Filip Forsberg.
10:12 of 1st period - Shot Blocked by Anthony Beauvillier.
10:14 of 1st period - Slapshot by Anze Kopitar.
10:14 of 1st period - Deflect By Filip Forsberg.
10:14 of 1st period - Shot Misses the Net.
10:14 of 1st period - Puck is out of play.
10:15 of 1st period - Alexander Wennberg wins face-off versus Roope Hintz in San Jose Sharks zone.
10:29 of 1st period - Slapshot by Connor Murphy.
10:29 of 1st period - Shot Misses the Net.
10:41 of 1st period - Connor Murphy is hit by Claude Giroux and loses puck.
12:06 of 1st period - Wrist shot by Max Domi.
12:06 of 1st period - Shot Misses the Net.
12:08 of 1st period - Wrist shot by Adam Henrique.
12:08 of 1st period - Shot Misses the Net.
12:24 of 1st period - Snap shot by Jonathan Huberdeau.
12:24 of 1st period - Shot Misses the Net.
12:26 of 1st period - Slapshot by Darnell Nurse.
12:26 of 1st period - Shot Blocked by Ilya Mikheyev.
12:54 of 1st period - Icing by Brett Murray.
12:55 of 1st period - Roope Hintz wins face-off versus Travis Boyd in San Jose Sharks zone.
13:32 of 1st period - Snap shot by Kirill Kaprizov.
13:32 of 1st period - Stopped by Jakub Dobes with a rebound.
13:44 of 1st period - Snap shot by Adam Henrique.
13:44 of 1st period - Shot Blocked by Anze Kopitar.
13:52 of 1st period - Wrist shot by Alexander Wennberg.
13:52 of 1st period - Shot Blocked by Filip Forsberg.
14:06 of 1st period - Snap shot by Ilya Mikheyev.
14:06 of 1st period - Shot Blocked by Dmitry Orlov.
14:08 of 1st period - Slapshot by Connor Murphy.
14:08 of 1st period - Stopped by Darcy Kuemper with a rebound.
14:10 of 1st period - Wrist shot by Blake Lizotte.
14:10 of 1st period - Goal by Blake Lizotte - San Jose Sharks : 1 - Tampa Bay Lightning : 0.
14:11 of 1st period - Roope Hintz wins face-off versus Adam Henrique in neutral zone.
14:36 of 1st period - Jamie Benn is hit by Connor Murphy and loses puck.
15:03 of 1st period - Icing by Hampus Lindholm.
15:04 of 1st period - Adam Henrique wins face-off versus Anze Kopitar in Tampa Bay Lightning zone.
15:28 of 1st period - Icing by Connor Murphy.
15:29 of 1st period - Alexander Wennberg wins face-off versus Roope Hintz in San Jose Sharks zone.
15:38 of 1st period - Slapshot by Roope Hintz.
15:38 of 1st period - Shot Blocked by Connor Murphy.
15:40 of 1st period - Slapshot by Ben Chiarot.
15:40 of 1st period - Shot Misses the Net.
15:55 of 1st period - Alexander Wennberg is hit by Roope Hintz and loses puck.
16:02 of 1st period - Slapshot by Travis Konecny.
16:02 of 1st period - Shot Blocked by Andre Burakovsky.
16:08 of 1st period - Wrist shot by Travis Konecny.
16:08 of 1st period - Stopped by Jakub Dobes with a rebound.
16:42 of 1st period - Snap shot by Roope Hintz.
16:42 of 1st period - Stopped by Jakub Dobes with a rebound.
16:44 of 1st period - Slapshot by Ben Chiarot.
16:44 of 1st period - Shot Blocked by Andre Burakovsky.
16:46 of 1st period - Backhand shot by Michael Matheson.
16:46 of 1st period - Shot Blocked by Kevin Fiala.
16:48 of 1st period - Slapshot by Ben Chiarot.
16:48 of 1st period - Shot Misses the Net.
16:50 of 1st period - Snap shot by Dylan Cozens.
16:50 of 1st period - Shot Misses the Net.
16:54 of 1st period - Snap shot by Roope Hintz.
16:54 of 1st period - Stopped by Jakub Dobes without a rebound.
16:55 of 1st period - Claude Giroux wins face-off versus Andrew Copp in San Jose Sharks zone.
16:58 of 1st period - Slapshot by Jamie Benn.
16:58 of 1st period - Stopped by Jakub Dobes without a rebound.
16:59 of 1st period - Andrew Copp wins face-off versus Claude Giroux in San Jose Sharks zone.
17:04 of 1st period - Slapshot by Blake Lizotte.
17:04 of 1st period - Shot Misses the Net.
17:14 of 1st period - Slapshot by Jamie Benn.
17:14 of 1st period - Stopped by Jakub Dobes with a rebound.
17:16 of 1st period - Snap shot by Claude Giroux.
17:16 of 1st period - Shot Blocked by Marcus Pettersson.
17:32 of 1st period - Wrist shot by Jonathan Huberdeau.
17:32 of 1st period - Shot Misses the Net.
17:34 of 1st period - Backhand shot by Dmitry Orlov.
17:34 of 1st period - Shot Misses the Net.
17:36 of 1st period - Wrist shot by Jonathan Huberdeau.
17:36 of 1st period - Shot Misses the Net.
18:05 of 1st period - Marcus Pettersson is hit by Jamie Benn and loses puck.
18:57 of 1st period - Connor Murphy is hit by Anze Kopitar and loses puck.
19:14 of 1st period - Slapshot by Roope Hintz.
19:14 of 1st period - Shot Misses the Net.
19:35 of 1st period - Nicolas Hague is hit by Jason Dickinson and loses puck.
Goals for this period are 1 for San Jose Sharks vs 0 for Tampa Bay Lightning.
Shots for this period are 7 for San Jose Sharks vs 12 for Tampa Bay Lightning.

2nd period


0:01 of 2nd period - Claude Giroux wins face-off versus Adam Henrique in neutral zone.
0:15 of 2nd period - Darnell Nurse is hit by Connor Murphy.
0:25 of 2nd period - Moritz Seider is hit by Connor Murphy and loses puck.
0:51 of 2nd period - Filip Forsberg is hit by Blake Lizotte and loses puck.
1:11 of 2nd period - Filip Forsberg is hit by Josh Manson and loses puck.
1:24 of 2nd period - Andrew Copp is hit by Filip Forsberg and loses puck.
1:27 of 2nd period - Minor Penalty to Dmitry Orlov for Goalie Interference.
1:28 of 2nd period - Alexander Wennberg wins face-off versus Claude Giroux in Tampa Bay Lightning zone.
3:27 of 2nd period - Penalty to Dmitry Orlov is over, Dmitry Orlov is back on ice.
3:34 of 2nd period - Slapshot by Michael Matheson.
3:34 of 2nd period - Deflect By Anze Kopitar.
3:34 of 2nd period - Shot Misses the Net.
3:34 of 2nd period - Puck is out of play.
3:35 of 2nd period - Travis Boyd wins face-off versus Roope Hintz in San Jose Sharks zone.
3:52 of 2nd period - Slapshot by Travis Konecny.
3:52 of 2nd period - Stopped by Jakub Dobes with a rebound.
3:59 of 2nd period - Icing by Brett Murray.
4:00 of 2nd period - Travis Boyd wins face-off versus Claude Giroux in San Jose Sharks zone.
4:05 of 2nd period - Slapshot by Robby Fabbri.
4:05 of 2nd period - Stopped by Darcy Kuemper without a rebound.
4:06 of 2nd period - Claude Giroux wins face-off versus Adam Henrique in Tampa Bay Lightning zone.
4:21 of 2nd period - Wrist shot by Jamie Benn.
4:21 of 2nd period - Shot Blocked by Anthony Beauvillier.
4:23 of 2nd period - Snap shot by Claude Giroux.
4:23 of 2nd period - Stopped by Jakub Dobes without a rebound.
4:24 of 2nd period - Alexander Wennberg wins face-off versus Filip Forsberg in San Jose Sharks zone.
4:33 of 2nd period - Slapshot by Jonathan Huberdeau.
4:33 of 2nd period - Shot Misses the Net.
4:35 of 2nd period - Slapshot by Michael Matheson.
4:35 of 2nd period - Shot Misses the Net.
4:37 of 2nd period - Slapshot by Michael Matheson.
4:37 of 2nd period - Deflect By Anze Kopitar.
4:37 of 2nd period - Stopped by Jakub Dobes without a rebound.
4:38 of 2nd period - Adam Henrique wins face-off versus Claude Giroux in San Jose Sharks zone.
5:48 of 2nd period - Slapshot by Connor Murphy.
5:48 of 2nd period - Deflect By Brett Murray.
5:48 of 2nd period - Shot Misses the Net.
5:48 of 2nd period - Puck is out of play.
5:49 of 2nd period - Travis Boyd wins face-off versus Filip Forsberg in Tampa Bay Lightning zone.
5:54 of 2nd period - Snap shot by Travis Boyd.
5:54 of 2nd period - Shot Misses the Net.
5:56 of 2nd period - Snap shot by Marcus Pettersson.
5:56 of 2nd period - Deflect By Michael Matheson.
5:56 of 2nd period - Stopped by Darcy Kuemper without a rebound.
5:57 of 2nd period - Adam Henrique wins face-off versus Claude Giroux in Tampa Bay Lightning zone.
6:00 of 2nd period - Slapshot by Adam Henrique.
6:00 of 2nd period - Shot Blocked by Jamie Benn.
6:35 of 2nd period - Wrist shot by Roope Hintz.
6:35 of 2nd period - Stopped by Jakub Dobes with a rebound.
7:31 of 2nd period - Snap shot by Claude Giroux.
7:31 of 2nd period - Stopped by Jakub Dobes without a rebound.
7:32 of 2nd period - Andrew Copp wins face-off versus Claude Giroux in San Jose Sharks zone.
8:21 of 2nd period - Off-side.
8:22 of 2nd period - Filip Forsberg wins face-off versus Adam Henrique in neutral zone.
8:33 of 2nd period - Snap shot by Filip Forsberg.
8:33 of 2nd period - Stopped by Jakub Dobes with a rebound.
8:35 of 2nd period - Snap shot by Anze Kopitar.
8:35 of 2nd period - Stopped by Jakub Dobes with a rebound.
8:37 of 2nd period - Slapshot by Darnell Nurse.
8:37 of 2nd period - Shot Blocked by Josh Manson.
8:39 of 2nd period - Wrist shot by Filip Forsberg.
8:39 of 2nd period - Stopped by Jakub Dobes without a rebound.
8:40 of 2nd period - Alexander Wennberg wins face-off versus Kirill Kaprizov in San Jose Sharks zone.
9:07 of 2nd period - Justin Barron is hit by Dylan Cozens.
9:19 of 2nd period - Wrist shot by Travis Konecny.
9:19 of 2nd period - Deflect By Roope Hintz.
9:19 of 2nd period - Shot Blocked by Mattias Samuelsson.
9:19 of 2nd period - Puck is out of play.
9:20 of 2nd period - Anze Kopitar wins face-off versus Blake Lizotte in San Jose Sharks zone.
9:47 of 2nd period - Kirill Kaprizov is hit by Mattias Samuelsson.
9:55 of 2nd period - Snap shot by Kirill Kaprizov.
9:55 of 2nd period - Goal by Kirill Kaprizov - San Jose Sharks : 1 - Tampa Bay Lightning : 1.
9:56 of 2nd period - Claude Giroux wins face-off versus Adam Henrique in neutral zone.
9:59 of 2nd period - Slapshot by Hampus Lindholm.
9:59 of 2nd period - Stopped by Jakub Dobes without a rebound.
10:00 of 2nd period - Adam Henrique wins face-off versus Claude Giroux in San Jose Sharks zone.
11:03 of 2nd period - Snap shot by Claude Giroux.
11:03 of 2nd period - Stopped by Jakub Dobes with a rebound.
11:05 of 2nd period - Slapshot by Dmitry Orlov.
11:05 of 2nd period - Stopped by Jakub Dobes with a rebound.
11:07 of 2nd period - Slapshot by Claude Giroux.
11:07 of 2nd period - Stopped by Jakub Dobes with a rebound.
11:09 of 2nd period - Slapshot by Hampus Lindholm.
11:09 of 2nd period - Deflect By Kevin Fiala.
11:09 of 2nd period - Stopped by Jakub Dobes without a rebound.
11:10 of 2nd period - Roope Hintz wins face-off versus Adam Henrique in San Jose Sharks zone.
11:40 of 2nd period - Snap shot by Andrew Copp.
11:40 of 2nd period - Shot Blocked by Anze Kopitar.
11:42 of 2nd period - Wrist shot by Blake Lizotte.
11:42 of 2nd period - Stopped by Darcy Kuemper without a rebound.
11:43 of 2nd period - Anze Kopitar wins face-off versus Adam Henrique in Tampa Bay Lightning zone.
11:56 of 2nd period - Wrist shot by Adam Henrique.
11:56 of 2nd period - Shot Misses the Net.
11:58 of 2nd period - Snap shot by Max Domi.
11:58 of 2nd period - Stopped by Darcy Kuemper with a rebound.
12:10 of 2nd period - Icing by Ilya Mikheyev.
12:11 of 2nd period - Andrew Copp wins face-off versus Roope Hintz in San Jose Sharks zone.
12:11 of 2nd period - Andrew Copp is hit by Travis Konecny.
12:29 of 2nd period - Snap shot by Ilya Mikheyev.
12:29 of 2nd period - Shot Misses the Net.
12:31 of 2nd period - Snap shot by Ilya Mikheyev.
12:31 of 2nd period - Stopped by Darcy Kuemper without a rebound.
12:32 of 2nd period - Adam Henrique wins face-off versus Anze Kopitar in Tampa Bay Lightning zone.
12:36 of 2nd period - Minor Penalty to Filip Forsberg for Roughing.
12:37 of 2nd period - Adam Henrique wins face-off versus Claude Giroux in Tampa Bay Lightning zone.
12:41 of 2nd period - Snap shot by Max Domi.
12:41 of 2nd period - Shot Misses the Net.
12:47 of 2nd period - Minor Penalty to Max Domi for Unsportsmanlike conduct.
12:48 of 2nd period - Alexander Wennberg wins face-off versus Claude Giroux in San Jose Sharks zone.
13:15 of 2nd period - Ben Chiarot is hit by Adam Henrique and loses puck.
14:09 of 2nd period - Snap shot by Alexander Wennberg.
14:09 of 2nd period - Stopped by Darcy Kuemper without a rebound.
14:10 of 2nd period - Claude Giroux wins face-off versus Alexander Wennberg in Tampa Bay Lightning zone.
14:36 of 2nd period - Penalty to Filip Forsberg is over, Filip Forsberg is back on ice.
14:41 of 2nd period - Marcus Pettersson is hit by Kirill Kaprizov and loses puck.
14:47 of 2nd period - Penalty to Max Domi is over, Max Domi is back on ice.
15:18 of 2nd period - Wrist shot by Travis Konecny.
15:18 of 2nd period - Stopped by Jakub Dobes with a rebound.
15:20 of 2nd period - Slapshot by Darnell Nurse.
15:20 of 2nd period - Stopped by Jakub Dobes without a rebound.
15:21 of 2nd period - Roope Hintz wins face-off versus Brett Murray in San Jose Sharks zone.
15:36 of 2nd period - Wrist shot by Travis Boyd.
15:36 of 2nd period - Deflect By Roope Hintz.
15:36 of 2nd period - Stopped by Darcy Kuemper with a rebound.
15:47 of 2nd period - Minor Penalty to Travis Konecny for Roughing.
15:48 of 2nd period - Claude Giroux wins face-off versus Alexander Wennberg in Tampa Bay Lightning zone.
17:47 of 2nd period - Penalty to Travis Konecny is over, Travis Konecny is back on ice.
17:59 of 2nd period - Slapshot by Roope Hintz.
17:59 of 2nd period - Stopped by Jakub Dobes without a rebound.
18:00 of 2nd period - Roope Hintz wins face-off versus Travis Boyd in San Jose Sharks zone.
18:11 of 2nd period - Snap shot by Robby Fabbri.
18:11 of 2nd period - Stopped by Darcy Kuemper without a rebound.
18:12 of 2nd period - Adam Henrique wins face-off versus Anze Kopitar in Tampa Bay Lightning zone.
18:23 of 2nd period - Slapshot by Mattias Samuelsson.
18:23 of 2nd period - Deflect By Anthony Beauvillier.
18:23 of 2nd period - Shot Misses the Net.
18:23 of 2nd period - Puck is out of play.
18:24 of 2nd period - Adam Henrique wins face-off versus Claude Giroux in Tampa Bay Lightning zone.
18:27 of 2nd period - Slapshot by Max Domi.
18:27 of 2nd period - Shot Misses the Net.
18:35 of 2nd period - Snap shot by Kirill Kaprizov.
18:35 of 2nd period - Stopped by Jakub Dobes with a rebound.
18:51 of 2nd period - Jonathan Huberdeau is hit by Josh Manson and loses puck.
19:21 of 2nd period - Off-side.
19:22 of 2nd period - Kirill Kaprizov wins face-off versus Andre Burakovsky in neutral zone.
19:49 of 2nd period - Connor Murphy is hit by Dylan Cozens and loses puck.
Goals for this period are 0 for San Jose Sharks vs 1 for Tampa Bay Lightning.
Shots for this period are 8 for San Jose Sharks vs 18 for Tampa Bay Lightning.

3rd period


0:01 of 3rd period - Anze Kopitar wins face-off versus Alexander Wennberg in neutral zone.
0:11 of 3rd period - Off-side.
0:12 of 3rd period - Jonathan Huberdeau wins face-off versus Adam Henrique in neutral zone.
0:21 of 3rd period - Wrist shot by Anze Kopitar.
0:21 of 3rd period - Deflect By Filip Forsberg.
0:21 of 3rd period - Shot Misses the Net.
0:21 of 3rd period - Puck is out of play.
0:22 of 3rd period - Adam Henrique wins face-off versus Anze Kopitar in San Jose Sharks zone.
0:36 of 3rd period - Snap shot by Filip Forsberg.
0:36 of 3rd period - Shot Hit the Post.
0:38 of 3rd period - Snap shot by Anze Kopitar.
0:38 of 3rd period - Stopped by Jakub Dobes without a rebound.
0:39 of 3rd period - Jamie Benn wins face-off versus Alexander Wennberg in San Jose Sharks zone.
0:59 of 3rd period - Minor Penalty to Kevin Fiala for Tripping.
1:00 of 3rd period - Alexander Wennberg wins face-off versus Anze Kopitar in San Jose Sharks zone.
1:00 of 3rd period - Alexander Wennberg is hit by Michael Matheson.
2:34 of 3rd period - Ilya Mikheyev is hit by Kirill Kaprizov and loses puck.
2:59 of 3rd period - Penalty to Kevin Fiala is over, Kevin Fiala is back on ice.
3:19 of 3rd period - Slapshot by Andre Burakovsky.
3:19 of 3rd period - Shot Misses the Net.
4:33 of 3rd period - Hampus Lindholm is hit by Adam Henrique and loses puck.
4:48 of 3rd period - Wrist shot by Marcus Pettersson.
4:48 of 3rd period - Stopped by Darcy Kuemper with a rebound.
5:02 of 3rd period - Kevin Fiala is hit by Filip Forsberg and loses puck.
5:24 of 3rd period - Off-side.
5:25 of 3rd period - Adam Henrique wins face-off versus Anze Kopitar in neutral zone.
5:38 of 3rd period - Minor Penalty to Max Domi for Tripping.
5:39 of 3rd period - Claude Giroux wins face-off versus Adam Henrique in San Jose Sharks zone.
5:54 of 3rd period - Slapshot by Darnell Nurse.
5:54 of 3rd period - Shot Misses the Net.
5:56 of 3rd period - Wrist shot by Darnell Nurse.
5:56 of 3rd period - Shot Misses the Net.
6:16 of 3rd period - Snap shot by Adam Henrique.
6:16 of 3rd period - Stopped by Darcy Kuemper without a rebound.
6:17 of 3rd period - Claude Giroux wins face-off versus Adam Henrique in Tampa Bay Lightning zone.
6:22 of 3rd period - Slapshot by Moritz Seider.
6:22 of 3rd period - Stopped by Jakub Dobes without a rebound.
6:23 of 3rd period - Claude Giroux wins face-off versus Adam Henrique in San Jose Sharks zone.
6:24 of 3rd period - Slapshot by Kirill Kaprizov.
6:24 of 3rd period - Stopped by Jakub Dobes with a rebound.
6:26 of 3rd period - Wrist shot by Kirill Kaprizov.
6:26 of 3rd period - Goal by Kirill Kaprizov - San Jose Sharks : 1 - Tampa Bay Lightning : 2.
6:27 of 3rd period - Claude Giroux wins face-off versus Alexander Wennberg in neutral zone.
6:33 of 3rd period - Off-side.
6:34 of 3rd period - Alexander Wennberg wins face-off versus Claude Giroux in neutral zone.
6:41 of 3rd period - Snap shot by Kevin Fiala.
6:41 of 3rd period - Shot Misses the Net.
6:43 of 3rd period - Slapshot by Connor Murphy.
6:43 of 3rd period - Stopped by Darcy Kuemper with a rebound.
6:47 of 3rd period - Wrist shot by Andre Burakovsky.
6:47 of 3rd period - Shot Blocked by Moritz Seider.
6:49 of 3rd period - Slapshot by Andre Burakovsky.
6:49 of 3rd period - Shot Misses the Net.
7:01 of 3rd period - Slapshot by Moritz Seider.
7:01 of 3rd period - Stopped by Jakub Dobes with a rebound.
7:25 of 3rd period - Ilya Mikheyev is hit by Darnell Nurse and loses puck.
8:16 of 3rd period - Justin Barron is hit by Kirill Kaprizov.
8:30 of 3rd period - Snap shot by Adam Henrique.
8:30 of 3rd period - Shot Misses the Net.
8:38 of 3rd period - Wrist shot by Jonathan Huberdeau.
8:38 of 3rd period - Stopped by Jakub Dobes without a rebound.
8:39 of 3rd period - Roope Hintz wins face-off versus Blake Lizotte in San Jose Sharks zone.
8:50 of 3rd period - Snap shot by Ilya Mikheyev.
8:50 of 3rd period - Shot Misses the Net.
8:54 of 3rd period - Snap shot by Ilya Mikheyev.
8:54 of 3rd period - Stopped by Darcy Kuemper without a rebound.
8:55 of 3rd period - Adam Henrique wins face-off versus Claude Giroux in Tampa Bay Lightning zone.
9:29 of 3rd period - Slapshot by Filip Forsberg.
9:29 of 3rd period - Deflect By Anze Kopitar.
9:29 of 3rd period - Stopped by Jakub Dobes without a rebound.
9:30 of 3rd period - Roope Hintz wins face-off versus Alexander Wennberg in San Jose Sharks zone.
10:20 of 3rd period - Mattias Samuelsson is hit by Claude Giroux and loses puck.
10:31 of 3rd period - Wrist shot by Kirill Kaprizov.
10:31 of 3rd period - Deflect By Jamie Benn.
10:31 of 3rd period - Stopped by Jakub Dobes without a rebound.
10:32 of 3rd period - Alexander Wennberg wins face-off versus Anze Kopitar in San Jose Sharks zone.
10:47 of 3rd period - Snap shot by Andre Burakovsky.
10:47 of 3rd period - Stopped by Darcy Kuemper with a rebound.
11:23 of 3rd period - Slapshot by Andrew Copp.
11:23 of 3rd period - Shot Misses the Net.
11:25 of 3rd period - Slapshot by Nicolas Hague.
11:25 of 3rd period - Shot Misses the Net.
11:39 of 3rd period - Mattias Samuelsson is hit by Travis Konecny and loses puck.
12:00 of 3rd period - Marcus Pettersson is hit by Anze Kopitar.
12:56 of 3rd period - Snap shot by Anze Kopitar.
12:56 of 3rd period - Stopped by Jakub Dobes with a rebound.
13:23 of 3rd period - Marcus Pettersson is hit by Jamie Benn and loses puck.
13:41 of 3rd period - Minor Penalty to Dylan Cozens for Hooking.
13:42 of 3rd period - Jason Dickinson wins face-off versus Andre Burakovsky in Tampa Bay Lightning zone.
13:46 of 3rd period - Marcus Pettersson is hit by Jason Dickinson and loses puck.
13:53 of 3rd period - Michael Matheson is hit by Kevin Fiala and loses puck.
13:58 of 3rd period - Wrist shot by Alexander Wennberg.
13:58 of 3rd period - Deflect By Kevin Fiala.
13:58 of 3rd period - Stopped by Darcy Kuemper with a rebound.
14:39 of 3rd period - Anze Kopitar is hit by Connor Murphy and loses puck.
15:41 of 3rd period - Penalty to Dylan Cozens is over, Dylan Cozens is back on ice.
16:48 of 3rd period - Connor Murphy is hit by Filip Forsberg and loses puck.
17:03 of 3rd period - Snap shot by Michael Matheson.
17:03 of 3rd period - Shot Misses the Net.
17:05 of 3rd period - Slapshot by Ben Chiarot.
17:05 of 3rd period - Stopped by Jakub Dobes with a rebound.
17:07 of 3rd period - Slapshot by Gustav Nyquist.
17:07 of 3rd period - Stopped by Jakub Dobes with a rebound.
17:35 of 3rd period - Mattias Samuelsson is hit by Ben Chiarot and loses puck.
17:48 of 3rd period - Backhand shot by Andrew Copp.
17:48 of 3rd period - Deflect By Brett Murray.
17:48 of 3rd period - Stopped by Darcy Kuemper with a rebound.
17:50 of 3rd period - Backhand shot by Andrew Copp.
17:50 of 3rd period - Stopped by Darcy Kuemper without a rebound.
17:51 of 3rd period - Anze Kopitar wins face-off versus Brett Murray in Tampa Bay Lightning zone.
17:51 of 3rd period - Anze Kopitar is hit by Marcus Pettersson.
18:16 of 3rd period - Dylan Cozens is hit by Brett Murray and loses puck.
18:31 of 3rd period - San Jose Sharks, Jakub Dobes is pulled from the net.
18:37 of 3rd period - Snap shot by Andre Burakovsky.
18:37 of 3rd period - Shot Blocked by Jamie Benn.
19:09 of 3rd period - Wrist shot by Kevin Fiala.
19:09 of 3rd period - Deflect By Adam Henrique.
19:09 of 3rd period - Stopped by Darcy Kuemper without a rebound.
19:10 of 3rd period - Jeff Blashill call a timeout for San Jose Sharks.
19:10 of 3rd period - Anze Kopitar wins face-off versus Alexander Wennberg in Tampa Bay Lightning zone.
19:12 of 3rd period - Icing by Travis Konecny.
19:13 of 3rd period - Anze Kopitar wins face-off versus Alexander Wennberg in Tampa Bay Lightning zone.
19:18 of 3rd period - Mattias Samuelsson is hit by Anze Kopitar and loses puck.
19:35 of 3rd period - Snap shot by Travis Konecny.
19:35 of 3rd period - Deflect By Anze Kopitar.
19:35 of 3rd period - Goal by Anze Kopitar - San Jose Sharks : 1 - Tampa Bay Lightning : 3.
19:35 of 3rd period - Jakub Dobes from San Jose Sharks was sent back in the game.
19:36 of 3rd period - Claude Giroux wins face-off versus Andrew Copp in neutral zone.
Goals for this period are 0 for San Jose Sharks vs 2 for Tampa Bay Lightning.
Shots for this period are 9 for San Jose Sharks vs 12 for Tampa Bay Lightning.